Unix NetHack Version 3.7.0-60 Work-in-progress - last build Jul 10 2022 06:21:10 (14e6c82d0a2bdcc1d3355b92dfa208a3528279b5,branch:master). Game began 2022-07-12 12:21:52, ended 2022-07-14 11:34:49. Goreval, chaotic male elven Priest ----------- ---------- #################-.........| |....?.<.| ------------ |.........| |.........###= |....[..@@.-######[###...^......| -.-------- )## ###...........| #---.------- ## [##+)# ---------.-- # ## ## ## # ## # ## ##### # ######?############# # # # # # ?# ####### # ### # # ## ### --|- # # # ## #### -----.-- |..| # # # # # |......| ####...| # ## ## # ## |......| ##### |..| # #### ##### # # |{.....-### |..| --.-.--- # #-----.---# |.>....| |..| |.......### #......{.-# |......| ---- |......| |.......| -------- |......| |........ -------- --------- Goreval the Acolyte St:14 Dx:11 Co:14 In:8 Wi:19 Ch:11 Chaotic S:1050 Dlvl:4 $:70 HP:0(40) Pw:59(59) AC:6 Xp:5/185 T:2773 Hallu Latest messages: Are you waiting to get hit? Use 'm' prefix to force a no-op (to rest). The shocking sphere hits! You miss the white unicorn. The acute blob hits! You miss the ettin. The quokka hits! You kill the werewolf! Welcome to experience level 5. There are two objects here. The peddler hits! There are two objects here. There is an uncursed hill orc corpse here; eat it? q There is an uncursed hill orc corpse here; eat it? y This hill orc corpse is grody! You stop eating the hill orc corpse. The barfed devil hits! You kill the Woodland-elf! There are two objects here. There are two objects here. There is an uncursed partly eaten hill orc corpse here; eat it? y You resume your meal. You finish eating the hill orc corpse. There are two objects here. There is an uncursed hill orc corpse here; eat it? y This hill orc corpse is copacetic. You finish eating the hill orc corpse. The orc-captain wields an uncursed curved sword! You hit Blork the orc! The hell hound pup swings its curved sword. The grind bug hits! You kill the rock troll! There are two objects here. There are two objects here. There is an uncursed hill orc corpse here; eat it? y This hill orc corpse is copacetic. You stop eating the hill orc corpse. There are two objects here. You hear the splashing of a naiad. You stop searching. Are you waiting to get hit? Use 'm' prefix to force a no-op (to rest). The iguana hits! You miss the master lich. The plaid unicorn hits! You miss the earth elemental. The lieutenant hits! You hit the black light. You hit the ghoul. The rothe hits! You die... Do you want your possessions identified? q Major events: Turn 1: Goreval the chaotic elven Priest entered the dungeon 1058: entered the Gnomish Mines 1203: attained the rank of Acolyte (level 3) 2773: killed by a hallucinogen-distorted hill orc Inventory: Amulets H - a cursed amulet of change Weapons p - 10 uncursed +0 arrows G - 6 uncursed +0 ya l - 7 uncursed +0 darts a - a blessed +1 mace (weapon in hand) Armor N - an uncursed +0 orcish helm (being worn) c - an uncursed +0 small shield (being worn) b - an uncursed +0 robe (being worn) Comestibles B - an uncursed slime mold e - an uncursed clove of garlic s - 3 uncursed food rations M - an uncursed fortune cookie v - an uncursed lembas wafer f - an uncursed sprig of wolfsbane t - an uncursed tripe ration Scrolls k - an uncursed scroll of create monster O - a cursed scroll of create monster J - an uncursed scroll of light I - an uncursed scroll of remove curse D - an uncursed scroll of scare monster Potions A - a cursed potion of paralysis z - a cursed potion of speed d - 4 potions of holy water o - an uncursed potion of water Tools i - an uncursed tooled horn K - an uncursed credit card r - an uncursed +0 pick-axe g - an uncursed skeleton key m - a cursed skeleton key x - a cursed tin whistle Gems/Stones q - a cursed agate stone w - an uncursed worthless piece of orange glass y - a cursed worthless piece of yellow glass P - an uncursed worthless piece of yellowish brown glass Goreval the Priest's attributes: Background: You were an Acolyte, a level 5 elven Priest. You were chaotic, nominally on a mission for Loki who was opposed by Tyr (lawful) and Odin (neutral). You were in the Dungeons of Doom, on level 4. You entered the dungeon 2773 turns ago. There was a full moon in effect when your adventure ended. You had 185 experience points, 135 more were needed to attain level 6. Your score was 1050 before end-of-game adjustments. Basics: You had 0 out of 40 hit points. You had all 59 energy points (spell power). Your armor class was 6. Your wallet contained 70 spacebucks. Autopickup was off. Final Characteristics: Your strength was 14 (limit:18). Your dexterity was 11 (limit:18). Your constitution was 14 (limit:16). Your intelligence was 8 (limit:20). Your wisdom was 19 (limit:20). Your charisma was 11 (limit:18). Final Status: You were hallucinating. You were not hungry. You were unencumbered. You were wielding a mace. You had basic skill with mace. Final Attributes: You were piously aligned. You were sleep resistant. You had infravision. You were guarded. You were lucky. You are dead. Miscellaneous: You never encountered a bones level. Total elapsed playing time was 39 minutes and 43 seconds. Vanquished creatures: an elf zombie 3 little dogs a kitten a dwarf 4 hill orcs a giant bat an orc zombie an iguana an acid blob a coyote a hobbit 2 hobgoblins 2 giant rats 5 gnomes 6 geckos 4 jackals a kobold a sewer rat 6 grid bugs 2 bats 2 lichens a kobold zombie 5 newts 53 creatures vanquished. No species were genocided or became extinct. Voluntary challenges: You were an atheist. You read items or engraved 4 times. You engraved Elbereth 1 time. You never genocided any monsters. You never polymorphed an object. You never changed form. You used no wishes. Achievements: You entered the Gnomish Mines. You attained the rank of Acolyte. The Dungeons of Doom: levels 1 to 5 Level 1: A sink. Level 2: Level 3: A fountain. Stairs down to The Gnomish Mines. Level 4: <- You were here. Some fountains. Final resting place for you, killed by a hallucinogen-distorted hill orc. Level 5: The Gnomish Mines: Level 4: Game over: ---------- / \ / REST \ / IN \ / PEACE \ / \ | Goreval | | 70 Au | | killed by a | | hallucinogen-dis | | torted hill orc | | | | 2022 | *| * * * | * _________)/\\_//(\/(/\)/\//\/|_)_______ Goodbye Goreval the Priest... You died in The Dungeons of Doom on dungeon level 4 with 1043 points, and 70 pieces of gold, after 2773 moves. You were level 5 with a maximum of 40 hit points when you died.